 Dungeon Crawl Stone Soup version 0.25.0-11-g1f837a76a1 (webtiles) character file.

Game seed: 8178015976468967649

18 mortelune the Caller (level 2, 0/19 HPs)
             Began as a Barachi Summoner on June 27, 2020.
             Slain by a goblin
             ... wielding a +0 spear
              (5 damage)
             ... on level 1 of the Dungeon.
             The game lasted 00:01:57 (1157 turns).

mortelune the Caller (Barachi Summoner)             Turns: 1157, Time: 00:01:58

Health: 0/19       AC:  2    Str:  9    XL:     2   Next: 70%
Magic:  4/5        EV: 12    Int: 15    God:
Gold:   12         SH:  5    Dex: 12    Spells: 3/6 levels left

rFire    . . .     SeeInvis .   i - +2 short sword (holy)
rCold    . . .     Gourm    .   (no shield)
rNeg     . . .     Faith    .   a - +0 robe
rPois    .         Spirit   .   (no helmet)
rElec    .         Reflect  +   (no cloak)
rCorr    .         Harm     .   (no gloves)
MR       .....                  (no boots)
Stlth    ++........             b - amulet of reflection
HPRegen  0.06/turn              (no ring)
MPRegen  0.09/turn              (no ring)

@: slow
A: +LOS, swims, slowness 1, strong legs 1
a: Hop


You were on level 1 of the Dungeon.
You were not hungry.

You visited 1 branch of the dungeon, and saw 1 of its levels.

You collected 12 gold pieces.

Inventory:

Hand Weapons
 g - a +0 dagger
 i - a +2 short sword of holy wrath (weapon)
Missiles
 h - 7 atropa-tipped darts (quivered)
Armour
 a - a +0 robe (worn)
Jewellery
 b - an amulet of reflection (around neck)
Scrolls
 d - a scroll of identify {unknown}
 e - a scroll of magic mapping {unknown}
 f - a scroll of fog {unknown}
 k - a scroll of teleportation {unknown}
Comestibles
 c - 2 rations
 j - 2 chunks of flesh


   Skills:
 - Level 2.1 Dodging
 - Level 1.7 Stealth
 + Level 2.5 Spellcasting
 * Level 5.4 Summonings


You had 3 spell levels left.
You knew the following spells:

 Your Spells              Type           Power        Failure   Level  Hunger
a - Summon Small Mammal   Summ           ###.         2%          1    #......
b - Call Imp              Summ           ###.....     3%          2    ###....

Your spell library contained the following spells:

 Spells                   Type           Power        Failure   Level  Hunger
 Call Canine Familiar     Summ           ###.....     7%          3    ###....
 Summon Guardian Golem    Hex/Summ       ##......     21%         3    ###....
 Summon Ice Beast         Ice/Summ       ##......     56%         4    #####..
 Summon Lightning Spire   Summ/Air       ##......     56%         4    #####..


Dungeon Overview and Level Annotations

Branches:
Dungeon (1/15)

Altars:


Innate Abilities, Weirdness & Mutations

You can be seen from farther away. (+LOS)
You can swim through water.
You cover ground slowly.
You can hop short distances.


Message History

You closely miss the goblin.
The goblin is moderately wounded.
The goblin closely misses you.
You miss the goblin.
The goblin is moderately wounded.
The goblin hits you with a +0 spear.
You miss the goblin.
The goblin is moderately wounded.
The goblin hits you with a +0 spear. The goblin hits you but does no damage.
You closely miss the goblin.
The goblin is moderately wounded.
The goblin hits you with a +0 spear.
* * * LOW HITPOINT WARNING * * *
You barely miss the goblin.
The goblin is moderately wounded.
The goblin closely misses you.
Casting: Summon Small Mammal (safe; 2% risk of failure)
Confirm with . or Enter, or press ? or * to list all spells.
The goblin hits you with a +0 spear.
You die...

#....)######?..#
####.#.#.# ##.##
.....#.#.# #.#
..####.#.# #.##########
### #.#.# #>.)....[..#
#.#.# #.########.# #.#.#
#.# #.#.# #g# #.#.#
#@#### #.#######....#
#......#r..#.#
#....#...# ## #..#...###
#...#####..##.########.#
#.....#..##..........#
#.#รท.#############
#..).#


You could see a goblin and a friendly quokka (summoned).

Vanquished Creatures
  A leopard gecko (D:1)
  A ball python (D:1)
  3 goblins (D:1)
  A hobgoblin (D:1)
  A bat (D:1)
  A kobold (D:1)
  A rat (D:1)
9 creatures vanquished.

Vanquished Creatures (collateral kills)
  3 giant cockroaches (D:1)
  A goblin (D:1)
  A hobgoblin (D:1)
  A bat (D:1)
  2 frilled lizards (D:1)
  2 kobolds (D:1)
  A rat (D:1)
11 creatures vanquished.

Grand Total: 20 creatures vanquished

Notes
Turn   | Place    | Note
-------+----------+-------------------------------------------
     0 | D:1      | mortelune the Barachi Summoner began the quest for the Orb.
     0 | D:1      | Reached XP level 1. HP: 13/13 MP: 3/3
    78 | D:1      | Reached skill level 5 in Summonings
   293 | D:1      | Reached XP level 2. HP: 9/19 MP: 5/5
   297 | D:1      | Learned a level 2 spell: Call Imp
  1157 | D:1      | Slain by a goblin

Illustrated notes

Levels and vault maps discovered:
D:1:      mrwooster_arrival_statue, layout_loops_ring

Skill      XL: |  1 |
---------------+----+-----
Summonings     | 5 |  5.4
Dodging        | |  2.1
Stealth        | |  1.7
Spellcasting   | |  2.5

Action                   || total
-------------------------++-------
Melee: Unarmed           ||    82
       Dagger            ||    28
       Short sword       ||     7
 Cast: Summon Small Mamm ||     9
       Call Imp          ||     1
  Eat: Chunk             ||     1
Armor: Robe              ||    28
Dodge: Dodged            ||    81
Block: Other             ||    30
       Reflection        ||     1
